 Dungeon Crawl Stone Soup version 0.24-a0-251-g44e327ef01 (webtiles) character file.

Game seed: 14196747558553408660

42872 Redear the Blocker (level 14, 0/103 HPs)
             Began as an Octopode Fighter on Apr 17, 2019.
             Was a High Priest of Ru.
             Slain by a sphinx (9 damage)
             ... while paralysed by a sphinx
             ... on level 15 of the Dungeon.
             The game lasted 01:01:22 (21657 turns).

Redear the Blocker (Octopode Fighter)              Turns: 21657, Time: 01:01:22

Health: 0/103      AC:  1    Str: 17    XL:     14   Next: 21%
Magic:  14/14      EV:  2    Int: 11    God:    Ru [*****.]
Gold:   1042       SH:  0    Dex: 14    Spells: 13/13 levels left

rFire    x . .     SeeInvis .   L - +1 scimitar (flame)
rCold    + . .     Gourm    .   b - +0 shield
rNeg     . . .     Faith    .   (helmet restricted)
rPois    .         Spirit   .   (no amulet)
rElec    .         Reflect  .   c - ring of protection from cold {rC+}
rCorr    .         Harm     .   t - ring of protection from cold {rC+}
MR       +....                  A - ring of attention
Stlth    +.........             (no ring)
HPRegen  0.27/turn              (no ring)
MPRegen  0.14/turn              (no ring)
                                (no ring)
                                (no ring)

@: confused, paralysed
A: almost no armour, stealthy swim, amphibious, 8 rings, constrict 8, camouflage
1, gelatinous body 1, inability to use devices, hated by all, disrupted magic 1,
temperature sensitive
a: Draw Out Power, Power Leap, Apocalypse, Renounce Religion


You were on level 15 of the Dungeon.
You worshipped Ru.
Ru was extremely pleased with you.
You were not hungry.

You visited 2 branches of the dungeon, and saw 16 of its levels.
You also visited: Ossuary and Bailey.

You collected 1042 gold pieces.

Inventory:

Hand Weapons
 a - a +0 long sword
 x - a +3 rapier
 y - a +4 long sword
 L - a +1 scimitar of flaming (weapon)
Missiles
 v - 119 sling bullets
 F - 70 tomahawks of returning (quivered)
Armour
 b - a +0 shield (worn)
Jewellery
 c - a ring of protection from cold (left tentacle) {rC+}
 t - a ring of protection from cold (right tentacle) {rC+}
 A - a ring of attention (on tentacle)
Scrolls
 d - 3 scrolls of enchant armour
 e - 4 scrolls of fog
 f - a scroll of enchant weapon {unknown}
 i - a scroll of magic mapping {unknown}
 j - 2 scrolls of amnesia
 k - 4 scrolls of random uselessness
 m - 6 scrolls of immolation
 u - 2 scrolls of fear {unknown}
 w - a scroll of noise {unknown}
 B - 2 scrolls of blinking
 G - 2 scrolls of acquirement {unknown}
 J - a scroll of holy word {unknown}
 N - 3 scrolls of remove curse {@r2}
 R - 2 scrolls of identify {@r1}
 T - 7 scrolls of teleportation {@r3}
Potions
 g - 6 potions of lignification
 h - 2 potions of might {Str+5 DMG+1d10 | @q3}
 l - 3 potions of flight
 n - a potion of resistance {unknown}
 o - 5 potions of magic
 p - a potion of agility {Stlth+ Dex+5 EV+5 | @q4}
 q - 3 potions of ambrosia
 r - 4 potions of cancellation {unknown}
 s - 5 potions of mutation {unknown}
 C - 2 potions of berserk rage
 H - a potion of haste {@q5}
 Q - a potion of curing {@q2}
Comestibles
 z - 28 rations


   Skills:
 + Level 12.2 Fighting
 + Level 12.0 Long Blades
 + Level 12.2 Dodging
 + Level 7.1 Stealth
 + Level 12.2 Shields


You had 13 spell levels left.
You didn't know any spells.
Your spell library contained the following spells:

 Spells                   Type           Power        Failure   Level  Hunger
 Magic Dart               Conj           #...         54%         1    ##.....
 Searing Ray              Conj           #.....       67%         2    ###....
 Dazzling Spray           Conj/Hex       #.....       88%         3    ####...
 Force Lance              Conj/Tloc      #.......     99%         4    #####..
 Fulminant Prism          Conj/Hex       #.........   99%         4    #####..
 Iskenderun's Mystic Bla  Conj           #.......     99%         4    #####..
 Leda's Liquefaction      Hex/Erth       #.........   99%         4    #####..
 Bolt of Magma            Conj/Fire/Erth #.........   100%        5    ######.
 Iron Shot                Conj/Erth      #.........   100%        6    #######
 Statue Form              Tmut/Erth      #........    100%        6    #######
 Shatter                  Erth           #.........   100%        9    #######


Dungeon Overview and Level Annotations

Branches:
Dungeon (15/15)            Temple (1/1) D:4            Lair (0/6) D:9
    Orc (0/2) D:9          Vaults (0/5) D:13         Depths (0/5) D:15

Altars:
Ashenzari
Cheibriados
Dithmenos
Elyvilon
Fedhas
Hepliaklqana
Kikubaaqudgha
Makhleb
Nemelex Xobeh
Okawaru
Qazlal
Ru
Sif Muna
Trog
Uskayaw
Vehumet
Wu Jian
Xom
Yredelemnul
Zin
The Shining One

Annotations:
D:6 exclusion: statue
D:8 Joseph
D:14 exclusion: obsidian statue


Innate Abilities, Weirdness & Mutations

You cannot wear most types of armour.
You are very stealthy in the water. (Stealth+)
You are amphibious.
You can wear up to eight rings at the same time.
You can use your tentacles to constrict eight enemies at once.
Your skin changes colour to match your surroundings (Stealth+).
Your rubbery body absorbs attacks. (AC +1, EV +1)
You cannot study or use magical devices.
You are hated by all.
Your casting is slightly disrupted.
You are sensitive to extremes of temperature. (rF-, rC-)


Message History

You slash the sphinx! You burn the sphinx. You squeeze the sphinx!
The sphinx is heavily wounded.
The sphinx mumbles some strange words.
You suddenly lose the ability to move!
The sphinx hits you. x2; The sphinx hits you!
The sphinx mumbles some strange words.
Something smites you!
You hear an angry buzzing noise.
You hear a shout!
You hear an angry buzzing noise.
The sphinx hits you. x2; The sphinx hits you!
A vampire mosquito comes into view.
The sphinx casts a spell.
You are confused.
The sphinx hits you!
* * * LOW HITPOINT WARNING * * *
You focus your will and illuminate the sphinx in retribution!
The sphinx hits you!
* * * LOW HITPOINT WARNING * * *
The sphinx hits you!
You die...

##........######
###.....## ## #..#.#.#
.# #..#...## ..##
##.###.#.. .#'
#......##.## ..
#......##... .#
##.##..##.#.#H#
#..#.#.###'#@##
##..##)##.#.#.########+
#.....)##......#......#
##...)..##..##.#'#..##.#
#..##...#..#.#..#..#.#.#
#.(#.#..##.##..#+#.##..#
##.(##..##......#......#
#....)..####.#####.#.#.#
#.......###########+#'##


You could see a sphinx.

Vanquished Creatures
  An ironheart preserver (D:13)
  Nessos (D:13)
  A hydra (D:15)
  An ogre mage (D:15)
  5 centaur warriors
  A catoblepas (D:13)
  6 two-headed ogres
  Erica (D:10)
  A tengu warrior (D:13)
  A deep elf knight (D:15)
  3 unseen horrors
  3 deep elf magi
  6 ugly things
  A manticore (D:13)
  4 cyclopes
  3 centaur zombies
  2 gargoyles (D:13)
  A kobold demonologist (D:13)
  A tengu conjurer (D:15)
  4 trolls
  3 meliai (D:15)
  A queen bee (D:12)
  A meliai (shapeshifter) (D:13)
  A hornet (D:11)
  4 hippogriffs
  Sigmund (D:2)
  A centaur simulacrum (D:14)
  3 shadows
  Eustachio (D:5)
  A vampire (D:10)
  24 yaks
  A human (shapeshifter) (D:13)
  5 vampire mosquitoes (D:15)
  A basilisk (D:15)
  A steam dragon (D:11)
  2 hungry ghosts
  An acid dragon (D:13)
  A soldier ant (D:11)
  3 porcupines (D:9)
  An ice beast (D:14)
  2 eyes of draining
  A phantom (D:5)
  5 sky beasts
  9 orc warriors
  3 necrophages
  A black bear (D:9)
  5 ogres
  A boggart (D:15)
  29 centaurs
  4 crocodiles
  A big kobold (D:8)
  Blork the orc (D:5)
  10 bullfrogs
  A gnoll sergeant (D:8)
  2 wyvern zombies
  4 water moccasin zombies (Ossuary)
  7 scorpions
  28 killer bees
  17 wights
  3 howler monkeys (D:7)
  12 crimson imps
  2 bullfrog zombies
  8 jellies
  11 hounds
  A bullfrog skeleton (D:6)
  5 centaur skeletons
  11 orc priests
  2 iguanas
  11 orc wizards
  Terence (D:2)
  2 worker ants
  A killer bee zombie (D:10)
  6 big kobold zombies (Ossuary)
  A hound zombie (D:8)
  2 mummies (Ossuary)
  A worker ant zombie (D:11)
  A howler monkey skeleton (D:10)
  26 gnolls
  8 adders
  A shadow imp (D:5)
  6 adder zombies
  3 adder skeletons
  3 worms
  5 leopard geckos
  57 orcs
  3 ball pythons
  6 giant cockroaches
  3 gnoll zombies (Ossuary)
  13 goblins
  23 hobgoblins
  13 jackals
  5 quokkas
  7 bats
  8 frilled lizards
  2 hobgoblin zombies (Ossuary)
  21 kobolds
  A kobold zombie (Ossuary)
  A leopard gecko skeleton (D:4)
  9 orc zombies (Ossuary)
  6 rats
546 creatures vanquished.

Vanquished Creatures (others)
  A hydra (D:11)
  A troll (D:11)
  A wraith (D:10)
  A phantom (D:14)
  A centaur (D:8)
  A hobgoblin (Bailey)
  2 fungi
  2 plants (D:9)
10 creatures vanquished.

Grand Total: 556 creatures vanquished

Notes
Turn   | Place    | Note
-------+----------+-------------------------------------------
     0 | D:1      | Redear the Octopode Fighter began the quest for the Orb.
     0 | D:1      | Reached XP level 1. HP: 16/16 MP: 1/1
   217 | D:1      | Reached XP level 2. HP: 13/21 MP: 2/2
   634 | D:1      | Reached XP level 3. HP: 17/26 MP: 3/3
  1621 | D:2      | Found a blossoming altar of Fedhas.
  1692 | D:2      | Noticed Sigmund
  1698 | D:2      | Killed Sigmund
  1698 | D:2      | Reached skill level 4 in Fighting
  1698 | D:2      | Reached skill level 3 in Long Blades
  1698 | D:2      | Reached skill level 4 in Dodging
  1698 | D:2      | Reached skill level 4 in Shields
  1698 | D:2      | Reached XP level 4. HP: 13/33 MP: 4/4
  1698 | D:2      | Reached XP level 5. HP: 15/37 MP: 5/5
  1878 | D:2      | Found a bloodstained altar of Trog.
  1909 | D:2      | Found a hide-covered altar of Uskayaw.
  2029 | D:2      | Found a glowing silver altar of Zin.
  2132 | D:2      | Noticed Terence
  2154 | D:2      | Killed Terence
  2154 | D:2      | Reached XP level 6. HP: 34/43 MP: 6/6
  3076 | D:3      | Found an iron altar of Okawaru.
  3090 | D:3      | Found a bloodstained altar of Trog.
  3536 | D:4      | Found a staircase to the Ecumenical Temple.
  3541 | Temple   | Entered the Ecumenical Temple
  3561 | Temple   | Became a worshipper of Ru the Awakened
  3683 | D:4      | Reached XP level 7. HP: 42/49 MP: 7/7
  3771 | D:4      | Reached skill level 4 in Long Blades
  3811 | D:4      | Found an ancient bone altar of Kikubaaqudgha.
  3900 | D:4      | Found a sand-covered staircase.
  3905 | Ossuary  | Entered an ossuary
  4071 | Ossuary  | Reached skill level 5 in Fighting
  4071 | Ossuary  | Reached skill level 5 in Dodging
  4071 | Ossuary  | Reached skill level 5 in Shields
  4221 | Ossuary  | Reached XP level 8. HP: 23/55 MP: 8/8
  4947 | D:4      | Found a sparkling altar of Nemelex Xobeh.
  5267 | D:5      | Entered Level 5 of the Dungeon
  5316 | D:5      | Reached skill level 5 in Long Blades
  5385 | D:5      | Found a basalt altar of Yredelemnul.
  5387 | D:5      | Found a shimmering altar of Xom.
  5387 | D:5      | Found a glowing golden altar of the Shining One.
  5389 | D:5      | Found an iron altar of Okawaru.
  5389 | D:5      | Found a hazy altar of Hepliaklqana.
  5389 | D:5      | Found a sacrificial altar of Ru.
  5395 | D:5      | Gained mutation: Your casting is slightly disrupted. [Ru
                  | sacrifice]
  5470 | D:5      | Noticed Eustachio
  5491 | D:5      | Killed Eustachio
  5588 | D:5      | HP: 2/57 [phantom (7)]
  5607 | D:5      | HP: 5/57 [phantom (8)]
  5624 | D:5      | Reached skill level 6 in Fighting
  5624 | D:5      | Reached skill level 6 in Dodging
  5624 | D:5      | Reached skill level 6 in Shields
  5830 | D:5      | Noticed Blork the orc
  5836 | D:5      | Killed Blork the orc
  6155 | D:5      | Reached XP level 9. HP: 55/63 MP: 9/9
  6301 | D:5      | Reached skill level 6 in Long Blades
  7257 | D:6      | Reached skill level 7 in Fighting
  7628 | D:6      | Reached skill level 7 in Shields
  7638 | D:6      | Reached skill level 7 in Dodging
  7703 | D:6      | Found a radiant altar of Vehumet.
  8425 | D:7      | HP: 6/63 [hippogriff (7)]
  8482 | D:7      | Gained mutation: You are sensitive to extremes of
                  | temperature. (rF-, rC-) [Ru sacrifice]
  8482 | D:7      | Reached * piety under Ru
  8482 | D:7      | Reached ** piety under Ru
  8584 | D:7      | Reached skill level 7 in Long Blades
  8602 | D:7      | Reached XP level 10. HP: 35/71 MP: 10/10
  8690 | D:7      | Found a glowing golden altar of the Shining One.
  8850 | D:7      | Found a flagged portal.
  8856 | Bailey   | Entered a bailey
  9901 | D:7      | Reached skill level 8 in Fighting
 10200 | D:8      | Reached skill level 8 in Shields
 10359 | D:8      | Reached skill level 8 in Dodging
 10707 | D:8      | Noticed a two-headed ogre
 10713 | D:8      | Noticed Joseph
 10895 | D:8      | Gained mutation: You are hated by all. [Ru sacrifice]
 10895 | D:8      | Reached *** piety under Ru
 10895 | D:8      | Reached **** piety under Ru
 11376 | D:9      | Reached skill level 8 in Long Blades
 11907 | D:9      | Found a staircase to the Orcish Mines.
 12665 | D:9      | Found a staircase to the Lair.
 12688 | D:9      | Reached XP level 11. HP: 41/78 MP: 11/11
 12925 | D:9      | Reached skill level 9 in Fighting
 12925 | D:9      | Reached skill level 9 in Shields
 12984 | D:9      | Reached skill level 9 in Dodging
 12988 | D:9      | HP: 4/80 [porcupine's spines (18)]
 13555 | D:10     | Entered Level 10 of the Dungeon
 13571 | D:10     | Noticed a purple ugly thing
 13586 | D:10     | Killed a purple ugly thing
 13726 | D:10     | Noticed Erica
 13745 | D:10     | Killed Erica
 13745 | D:10     | Reached skill level 9 in Long Blades
 14377 | D:10     | Noticed an unseen horror
 14379 | D:10     | Killed an unseen horror
 14617 | D:11     | Gained mutation: You cannot study or use magical devices.
                  | [Ru sacrifice]
 14617 | D:11     | Reached ***** piety under Ru
 14663 | D:11     | Noticed a two-headed ogre
 14667 | D:11     | Killed a two-headed ogre
 14910 | D:11     | Noticed a cyclops
 14919 | D:11     | Noticed a cyclops
 14920 | D:11     | Killed a cyclops
 14920 | D:11     | Reached skill level 10 in Fighting
 14920 | D:11     | Reached skill level 10 in Dodging
 14920 | D:11     | Reached skill level 10 in Shields
 14930 | D:11     | Reached XP level 12. HP: 31/87 MP: 12/12
 15077 | D:11     | Noticed a seven-headed hydra
 15085 | D:11     | Killed a five-headed hydra
 15104 | D:11     | Reached skill level 10 in Long Blades
 16197 | D:12     | Noticed a two-headed ogre
 16303 | D:12     | Killed a two-headed ogre
 16763 | D:12     | Noticed a two-headed ogre
 17488 | D:12     | Killed a two-headed ogre
 17488 | D:12     | Reached skill level 11 in Fighting
 17488 | D:12     | Reached skill level 11 in Shields
 17545 | D:13     | Noticed a two-headed ogre
 17547 | D:13     | Noticed a centaur warrior
 17550 | D:13     | Reached skill level 11 in Dodging
 17551 | D:13     | Killed a two-headed ogre
 17553 | D:13     | Killed a centaur warrior
 17553 | D:13     | Reached XP level 13. HP: 81/95 MP: 4/13
 17562 | D:13     | Reached skill level 11 in Long Blades
 17977 | D:13     | Reached skill level 1 in Stealth
 18277 | D:13     | Reached skill level 2 in Stealth
 18486 | D:13     | Noticed Nessos
 18497 | D:13     | Killed Nessos
 18631 | D:13     | Reached skill level 3 in Stealth
 18786 | D:13     | Noticed an ironheart preserver
 18805 | D:13     | Killed an ironheart preserver
 18810 | D:13     | HP: 7/95 [tengu warrior/+4 great mace (6)]
 19021 | D:13     | Reached skill level 4 in Stealth
 19351 | D:13     | Found a gate to the Vaults.
 20020 | D:14     | Reached skill level 5 in Stealth
 20589 | D:15     | Entered Level 15 of the Dungeon
 20704 | D:15     | Reached skill level 12 in Fighting
 20704 | D:15     | Reached skill level 6 in Stealth
 20704 | D:15     | Reached skill level 12 in Shields
 20709 | D:15     | Reached skill level 12 in Dodging
 20709 | D:15     | Reached XP level 14. HP: 44/103 MP: 14/14
 21196 | D:15     | Found a staircase to the Depths.
 21283 | D:15     | Found a burning altar of Makhleb.
 21283 | D:15     | Found a shattered altar of Ashenzari.
 21284 | D:15     | Found a shimmering altar of Xom.
 21313 | D:15     | Reached skill level 12 in Long Blades
 21346 | D:15     | Reached skill level 7 in Stealth
 21647 | D:15     | Noticed a sphinx
 21652 | D:15     | Paralysed by a sphinx for 6 turns
 21657 | D:15     | HP: 9/103 [sphinx (11)]
 21657 | D:15     | Slain by a sphinx

Levels and vault maps discovered:
D:1:      dpeg_cavernosity, layout_basic, moated_statue
D:2:      layout_loops_corners, overflow_temple_1_default,
          nicolae_overflow_hidden_temple, fedhas_altar_1, trog_book,
          uniq_terence, uniq_sigmund
D:3:      layout_loops_ring, lemuel_crystal_altar, kennysheep_okawaru_gauntlet,
          minmay_quadrilaterals
D:4:      layout_layer_cave, nemelex_xobeh_ov_fountains_minmay,
          kennysheep_little_box, minmay_temple_entry_arrows,
          lightli_ossuary_entry_decrepit_ruins, first_ration
D:5:      minmay_razor_zed, layout_basic, kennysheep_donut, doesnt_xom_only_xom,
          uniq_blork_the_orc, uniq_eustachio
D:6:      layout_layer_cave, vehumet_statue
D:7:      layout_rooms, nicolae_tso_carved_into_rock, enter_bailey_3
D:8:      layout_gridville, uniq_joseph
D:9:      layout_roguey, minmay_lair_entry_grove, erik_orc_2
D:10:     layout_long_grid, uniq_erica
D:11:     layout_basic
D:12:     layout_small_grid, serial_rivers, chequers_serial_rivers_room_a,
          chequers_serial_rivers_room_b, chequers_serial_rivers_small_b,
          chequers_serial_rivers_large_a, david_nohive_1
D:13:     layout_loops_ring, skrybe_vaults_entry_preservation, uniq_nessos
D:14:     layout_irregular_city, minivault_16
D:15:     hangedman_slaughterboxes
Temple:   minmay_temple_bridge_abc
Ossuary:  ossuary_tomb_2
Bailey:   bailey_axe_2, bailey

Skill      XL: |  1  2  3  4  5  6  7  8  9 10 11 12 13 14 |
---------------+-------------------------------------------+-----
Fighting       | 4 5 6 7 8 10 11 12 | 12.2
Long Blades    | 3 4 5 7 8 9 10 11 12 | 12.0
Dodging        | 4 5 6 7 8 10 11 12 | 12.2
Shields        | 4 5 6 7 8 10 11 12 | 12.2
Stealth        | 6 7 |  7.1

Action                   |  1- 3 |  4- 6 |  7- 9 | 10-12 | 13-15 || total
-------------------------+-------+-------+-------+-------+-------++-------
Melee: Long sword        |    68 |    67 |   142 |       |       ||   277
       Constrict         |    17 |    23 |    92 |   109 |    35 ||   276
       Tentacles         |    10 |    22 |    99 |   176 |   108 ||   415
       Rapier            |       |       |   208 |   393 |       ||   601
       Scimitar          |       |       |       |   320 |   336 ||   656
Throw: Tomahawk          |       |       |       |     5 |     1 ||     6
Invok: Sacrifice Essence |       |       |     1 |       |       ||     1
       Sacrifice Resista |       |       |     1 |       |       ||     1
       Power Leap        |       |       |       |     2 |       ||     2
       Sacrifice Love    |       |       |       |     1 |       ||     1
       Draw Out Power    |       |       |       |     8 |     3 ||    11
       Apocalypse        |       |       |       |     5 |     3 ||     8
       Sacrifice Artific |       |       |       |     1 |       ||     1
       Reject Sacrifices |       |       |       |       |     1 ||     1
Evoke: Wand              |       |       |       |     2 |       ||     2
  Use: Scroll            |       |       |    12 |     5 |     1 ||    18
       Potion            |       |       |     7 |    10 |       ||    17
 Stab: Sleeping          |     2 |     6 |    18 |     7 |     2 ||    35
       Distracted        |       |       |       |     3 |     2 ||     5
       Invisible         |       |       |       |     9 |     2 ||    11
       Paralysed         |       |       |       |    20 |     5 ||    25
  Eat: Chunk             |     2 |     6 |    13 |    29 |    14 ||    64
       Ration            |       |       |     1 |       |       ||     1
Armor: Skin              |     3 |     6 |    10 |    10 |     5 ||    34
Dodge: Dodged            |    50 |    60 |   152 |   384 |   127 ||   773
Block: Shield            |       |     1 |   150 |   356 |   141 ||   648
       Rpst.: Long sword |    14 |    20 |    20 |       |       ||    54
       Scimitar          |       |       |       |    53 |    30 ||    83

Table legend:
 A = Non-vault XP
 B = Vault XP
 C = Vault XP percentage of total XP
 D = Non-vault monster count
 E = Vault monster count
 F = Vault count percentage of total count
                 A         B        C        D         E       F
            +---------+---------+-------+---------+---------+-------
      Total |   38671 |   22576 |  36.9 |     371 |     179 |  32.5
            +---------+---------+-------+---------+---------+-------
        D:1 |      41 |       8 |  16.3 |      29 |       4 |  12.1
        D:2 |      73 |     267 |  78.5 |      15 |       2 |  11.8
        D:3 |      47 |      22 |  31.9 |      22 |       5 |  18.5
        D:4 |     389 |       0 |   0.0 |      21 |       0 |   0.0
        D:5 |     759 |     566 |  42.7 |      18 |      10 |  35.7
        D:6 |    1096 |       0 |   0.0 |      32 |       0 |   0.0
        D:7 |    1816 |       7 |   0.4 |      34 |       4 |  10.5
        D:8 |    1424 |     176 |  11.0 |      25 |       2 |   7.4
        D:9 |    1104 |    2265 |  67.2 |      15 |      31 |  67.4
       D:10 |    3136 |     902 |  22.3 |      24 |       1 |   4.0
       D:11 |    6855 |       0 |   0.0 |      56 |       0 |   0.0
       D:12 |    7025 |    1172 |  14.3 |      26 |      15 |  36.6
       D:13 |    9582 |    5313 |  35.7 |      33 |      10 |  23.3
       D:14 |    5324 |       0 |   0.0 |      21 |       0 |   0.0
       D:15 |       0 |   10973 | 100.0 |       0 |      30 | 100.0
    Ossuary |       0 |     559 | 100.0 |       0 |      32 | 100.0
     Bailey |       0 |     346 | 100.0 |       0 |      33 | 100.0
            +---------+---------+-------+---------+---------+-------
